 Dungeon Crawl Stone Soup version 0.31-b1-20-g67cafac56d (webtiles) character file.

Game seed: 6518843881442793202

29 Esekla the Sneak (level 3, 12/26 HPs)
             Began as an Octopode Delver on Jan 17, 2024.
             Quit the game on level 5 of the Dungeon.
             The game lasted 00:02:21 (90 turns).

Esekla the Sneak (Octopode Delver)                    Turns: 90, Time: 00:02:22

Health: 12/26      AC:  1    Str: 11    XL:     3   Next: 16%
Magic:  3/3        EV: 13    Int: 14    God:
Gold:   12         SH:  0    Dex: 13    Spells: 3/3 levels left

rFire   . . .        a - +0 falchion
rCold   . . .        (no shield)
rNeg    . . .        (helmet restricted)
rPois   .            (no amulet)
rElec   .            (no ring)
rCorr   .            (no ring)
SInv    .            (no ring)
Will    .....        (no ring)
Stlth   ++++         (no ring)
HPRegen 0.24/turn    (no ring)
MPRegen 0.08/turn    (no ring)
                     (no ring)

%: no passive effects
@: no status effects
A: almost no armour, amphibious, 8 rings, camouflage 1, gelatinous body 1,
(nimble swimmer 1), tentacles
a: no special abilities


You were on level 5 of the Dungeon.
You visited 1 branch of the dungeon, and saw 1 of its levels.

You collected 12 gold pieces.

Inventory:

Hand Weapons
 a - a +0 falchion (weapon)
Wands
 f - a wand of digging (3)
Scrolls
 b - a scroll of fog
 d - a scroll of fear
Potions
 e - a potion of haste


   Skills:
 * Level 3.2 Fighting
 * Level 2.2 Long Blades
 * Level 2.2 Dodging
 + Level 7.1 Stealth
 * Level 0.5 Spellcasting


You had 3 spell levels left.
You didn't know any spells.
Your spell library contained the following spells:

 Spells                   Type           Power      Damage    Failure   Level
 Ensorcelled Hibernation  Hex/Ice        0%         N/A       38%         2
 Fugue of the Fallen      Necr           0%         N/A       63%         3
 Anguish                  Hex/Necr       0%         N/A       95%         4


Dungeon Overview and Level Annotations

Branches:
Dungeon (5/15)
 Temple: D:4-7

Altars:


Innate Abilities, Weirdness & Mutations

You cannot wear most types of armour.
You are amphibious.
You can wear up to eight rings at the same time.
Your skin changes colour to match your surroundings (Stealth+).
Your rubbery body absorbs attacks. (AC +1, EV +1)
((You are camouflaged when in or above water. (Stealth+)))
You have tentacles for arms and can constrict up to eight enemies at once.


Message History

There is an open door here.
There is an open door here.
As you read the scroll of revelation, it crumbles to dust.
You feel aware of your surroundings.
You sensed 2 shops/portals.
Found a mace.
A shadow imp comes into view.
A sleepcap comes into view.
Found 12 gold pieces.
You now have 12 gold pieces.
Found a book of Dreams.
A hound comes into view.
The hound barks!
You see here a book of Dreams.
You pick up a book of Dreams and begin reading...
You add the spells Ensorcelled Hibernation, Fugue of the Fallen and Anguish to your library.
The hound bites you.
You barely miss the hound. You grab the hound. You constrict the hound.
The hound bites you.
You barely miss the hound.
The hound is lightly wounded.
You constrict the hound. The hound bites you.
* * * LOW HITPOINT WARNING * * *
The hound closely misses you.
You hit the hound. You squeeze the hound!
You kill the hound!
Your Stealth skill increases to level 7!
You have reached level 2!
You have reached level 3!
Your experience leads to an increase in your attributes!
Increase (S)trength, (I)ntelligence, or (D)exterity?
You feel clever. x2
Found 4 stones.
Found a stone staircase leading up.
Are you sure you want to abandon this character and quit the game? (Confirm with "yes".)
Okay, then.
Are you sure you want to abandon this character and quit the game? (Confirm with "yes".)
Okay, then.
Are you sure you want to abandon this character and quit the game? (Confirm with "yes".)
Okay, then.
Are you sure you want to abandon this character and quit the game? (Confirm with "yes".)

**,,,,..........#.#**,,..,****,**
,,,,,,..####+##.#.###....,* *,**
,,,,,,..* #,*#..........,* *,**
,,,****** #.*###.###.#.,,* *,**
,,,* #.####.###.#,,,****,*, ****
*###..........#,,,,,,,,,,
*.........######**,***,*,
*................,,,,,,,<
*.......@...<#.##*,***,*,
*.........####,* *,* *,*,
*.........# *,* *,* *,,,
*.........#***,***,*****,
*..........,,,,,,,,,,,,,,
*...........,,,*,*******,
*...........,,,,,,,,,,,,,
*........#..∩,,*,********
**********,,,,,*,*


There were no monsters in sight!

Vanquished Creatures
  A hound (D:5)
1 creature vanquished.

Notes
Turn   | Place    | Note
-------+----------+-------------------------------------------
     0 | D:5      | Esekla the Octopode Delver began the quest for the Orb.
     0 | D:5      | Reached XP level 1. HP: 16/16 MP: 1/1
    32 | D:5      | Noticed a sleepcap
    62 | D:5      | Noticed a hound
    69 | D:5      | Killed a hound
    70 | D:5      | Reached skill level 7 in Stealth
    70 | D:5      | Reached XP level 2. HP: 5/21 MP: 2/2
    70 | D:5      | Reached XP level 3. HP: 7/26 MP: 3/3
    90 | D:5      | Quit the game

Illustrated notes

Levels and vault maps discovered:
D:5:      layout_basic, serial_demonic, serial_demonic_d, serial_demonic_e,
          serial_demonic_e, serial_demonic_a, serial_demonic_d,
          serial_demonic_b, minmay_misc_feat_diagonals,
          serial_library_hellmonk_h_bend, grunt_ministairs_4

Skill      XL: |  1 |
---------------+----+-----
Stealth        | 7 |  7.1
Fighting       | |  3.2
Long Blades    | |  2.2
Dodging        | |  2.2
Spellcasting   | |  0.5

Action                     || total
---------------------------++-------
  Melee: Falchion          ||     3
         Constrict         ||     1
         Tentacles         ||     1
    Use: Scroll            ||     1
 Armour: Skin              ||     3
  Dodge: Dodged            ||     1
